[Event "*** MasterClass Titled Tuesday Blitz"]
[Site "Chess.com"]
[Date "2017.09.05"]
[Round "2"]
[White "cheese111"]
[Black "ditkin25"]
[Result "1-0"]
[WhiteElo "2307"]
[BlackElo "2213"]
[TimeControl "180+2"]
[EndTime "13:24:01 PDT"]
[Termination "cheese111 won by resignation"]

1. e4 c5 2. Nf3 d6 3. d4 Nf6 4.
Nc3 cxd4 5. Nxd4 Nc6 6. f3 e5 7.
Nb3 Be7 8. Be3 Be6 9. Qe2 d5 10.
exd5 Nxd5 11. O-O-O Rc8 12. Nxd5 Bxd5 13. Qb5 Bg5 14. f4 exf4 15. Rxd5 Qe7 16. Bd2 Bh6 17. Qc5 O-O 18. Qxe7 Nxe7 19. Rd7 Nf5 20. Bd3 Ne3 21. g3 f3 22. Bxe3 Bxe3+ 23. Kd1 f5 24. Rf1 f2 25. Ke2 Rce8 26. Bc4+ Kh8 27. Rf7 Rxf7 28. Bxf7 Re7 29. Kf3 g6 30. c3 Kg7 31. Bc4 Kf6 32. Nd4 g5 33. Nc2 Bb6 34. Nd4 Re1 35. Kxf2 Re7 36. Re1 Rd7 37. Re6+ Kg7 38. Ke3 f4+ 39. gxf4 gxf4+ 40.
Kxf4 Bxd4 41. cxd4 Rxd4+ 42. Re4 Rd2 43. b4 Rxh2 44.
Kg3 Rc2 45. Bb3 Rc3+ 46. Kg4 Rc7 47. Re6 a6 48. Kg5 Rd7 49. Rb6 Rc7 50. Bd5 Rd7 51.
Rxb7 h6+ 52. Kh5 Rxb7 53. Bxb7 Kf6 54. Bxa6 Ke6 55. a4 Kd6 56. b5 Kc5 57. a5 1-0

[Event "*** MasterClass Titled Tuesday Blitz"]
[Site "Chess.com"]
[Date "2017.09.05"]
[Round "2"]
[White "JaimeSantosLatasa"]
[Black "gmjlh"]
[Result "1-0"]
[WhiteElo "2574"]
[BlackElo "2596"]
[TimeControl "180+2"]
[EndTime "13:24:02 PDT"]
[Termination "JaimeSantosLatasa won by checkmate"]

1. d4 d5 2. c4 e6 3. Nc3 c6 4. e3 Nf6 5. Nf3 Nbd7 6. Qc2 Bd6 7. b3 O-O 8. Bb2 e5 9. Be2 e4 10. Nd2 a6 11. g4 b5 12. g5 b4 13. Na4 Ne8 14. h4 Bb7 15. O-O-O f5 16. f4 Nc7 17. c5 Be7 18. Nf1 a5 19. Kb1 Ba6 20. Ng3 Bb5 21.
Bxb5 cxb5 22. Nb6 Nxb6 23. cxb6 Ne6 24. Qc6 Qd6 25. Qxb5 Rfb8 26. b7 Nc7 27. bxa8=Q Nxb5 28. Nxf5 Rxa8 29. Nxd6 Nxd6 30. Bc1 Nf5 31. Bd2 Kf7 32. Rc1 h5 33. Rc6 a4 34. Kb2 axb3 35. axb3 g6 36. Rh3 Ra7 37. Be1 Rb7 38. Bf2 Bd6 39. Rh1 Ke7 40. Ra1 Kd7 41. Rca6 Rb8 42. R1a5 Ke6 43. Rc6 Ne7 44. Rc1 Rd8 45. Kc2 Kf5 46. Rg1 Rc8+ 47.
Kb2 Rc3 48. Raa1 Rd3 49. Rad1 Rxd1 50. Rxd1 Kg4 51. Rd2 Kf3 52. Rc2 Nf5 53. Kc1 Nxe3 54. Bxe3 Kxe3 55. f5 gxf5 56. g6 Bf8 57. Rc8 Bh6 58.
Rh8 Bf4 59. g7 Kd3+ 60. Kd1 e3 61. Re8 Kxd4 62. g8=Q Be5 63. Qg1 Bf4 64. Qg2 Be5 65.
Qf3 f4 66. Ke2 Bd6 67. Qxh5 Kc5 68. Rc8+ Kd4 69. Qf5 Be5 70. Qd3# 1-0

[Event "*** MasterClass Titled Tuesday Blitz"]
[Site "Chess.com"]
[Date "2017.09.05"]
[Round "2"]
[White "Art10ECHR"]
[Black "nickmatta"]
[Result "1/2-1/2"]
[WhiteElo "2225"]
[BlackElo "2313"]
[TimeControl "180+2"]
[EndTime "13:24:02 PDT"]
[Termination "Game drawn by agreement"]

1. e4 c5 2. Nf3 d6 3. Bb5+ Nd7 4. Ba4 Nf6 5. O-O a6 6. c4 Nxe4 7. d4 g6 8. Re1 Nf6 9. dxc5 dxc5 10. Bf4 Qb6 11. Qe2 Nh5 12. Bg5 e6 13. Nc3 Bg7 14.
Nd5 Qa5 15. Rad1 h6 16. g4 hxg5 17. gxh5 Rxh5 18. Ne5 b5 19. Nxf7 Nf8 20. cxb5 Kxf7 21. Bb3 Qxb5 22. Bc4 Qb8 23. f4 exd5 24. Bxd5+ Kf6 25.
Qe7+ Kf5 26. Qxg7 gxf4 27. Qf7+ Kg5 28. Qe7+ Kg4 29. Qe2+ Kg5 30. Qe7+ Kg4 31. Rf1 Rxd5 32. Rxd5 Bf5 33. Qe2+ Kg5 34. h4+ Kh6 35. Qe7 Ne6 36.
Rxf5 gxf5 37. Qxe6+ Kh7 38. Qxf5+ Kh8 39. Qf6+ Kh7 40.
Rxf4 Qg8+ 41. Kh2 Re8 42. Qf5+ Qg6 43. Qd7+ Kh6 44. Qd2 Kh7 45. Qf2 Rg8 46. Rf7+ Kh8 47. Qf6+ Qxf6 48. Rxf6 Rb8 49. b3 c4 50. Rxa6 cxb3 51.
axb3 Rxb3 52. Rg6 Kh7 53. Rg5 Kh6 54. Rc5 Kh7 55. Kg2 Kh6 56. Kh2 Kh7 1/2-1/2

[Event "*** MasterClass Titled Tuesday Blitz"]
[Site "Chess.com"]
[Date "2017.09.05"]
[Round "2"]
[White "jk13"]
[Black "PrinceMurad09"]
[Result "1-0"]
[WhiteElo "2405"]
[BlackElo "2343"]
[TimeControl "180+2"]
[EndTime "13:24:03 PDT"]
[Termination "jk13 won by resignation"]

1. e4 c5 2. c3 Nf6 3. e5 Nd5 4. Bc4 Nb6 5. Bb3 d5 6. exd6 Qxd6 7. Nf3 e6 8. O-O Be7 9. d4 N8d7 10.
Nbd2 O-O 11. Ne4 Qc7 12. Be3 Qc6 13. Qb1 Nd5 14. Nfg5 Bxg5 15. Bxg5 c4 16. Bc2 f5 17. Ng3 h6 18. Bd2 N7f6 19. Re1 Bd7 20. Qd1 Be8 21. Qf3 Bf7 22. h3 Rfe8 23. Re5 Nd7 24.
Re2 b5 25. Rae1 a5 26. Nh5 Rac8 27. Bxh6 Bxh5 28. Qxh5 gxh6 29. Qg6+ Kf8 30. Rxe6 Rxe6 31. Rxe6 Qc7 32. Qxh6+ Kf7 33. Qg6+ Kf8 34. Qxf5+ N5f6 35. Rxf6+ Nxf6 36. Qxf6+ Qf7 37. Qd6+ Qe7 38. Qf4+ Qf7 39.
Bf5 Re8 40. Kf1 Qf6 41. g4 b4 42. Qc7 Qe7 43. Qxc4 Qe1+ 44. Kg2 Re2 45. Qc8+ Ke7 46.
Qc7+ Kf6 47. Qd6+ Kg7 48. Qc7+ Kf6 49. Qf4 Ke7 50. cxb4 axb4 51. g5 Rxb2 52. g6 Kf6 53. Bd3+ Kg7 54. Qf7+ Kh6 55. Qf8+ Kg5 56. g7 1-0

[Event "*** MasterClass Titled Tuesday Blitz"]
[Site "Chess.com"]
[Date "2017.09.05"]
[Round "2"]
[White "Makalexa"]
[Black "PowerThinking2650"]
[Result "1-0"]
[WhiteElo "2146"]
[BlackElo "2213"]
[TimeControl "180+2"]
[EndTime "13:24:14 PDT"]
[Termination "Makalexa won by resignation"]

1. e4 e5 2. Nf3 Nc6 3. Bb5 a6 4. Ba4 Nf6 5. O-O Be7 6. Qe2 b5 7.
Bb3 O-O 8. c3 Bb7 9. d4 exd4 10.
cxd4 d5 11. e5 Ne4 12. Nc3 Nxc3 13. bxc3 Qd7 14. Bc2 Nd8 15. Qd3 g6 16. Bh6 Re8 17. a4 Ne6 18. h4 c5 19. Bg5 c4 20. Qd2 Nxg5 21. Nxg5 Bc6 22. h5 Qg4 23. f4 Qxh5 24. Rf3 Bd7 25. Re1 f6 26. e6 Bc6 27. Rh3 Qg4 28. Nf7 Kg7 29. f5 g5 30. Nh6 Qxh3 31. gxh3 Kxh6 32. h4 bxa4 33. hxg5+ fxg5 34. Re2 Kg7 35. f6+ Bxf6 36. Rh2 h6 37. Qe2 Rh8 38. Qh5 Be8 39. Qf3 a3 40. Bb1 Bg6 41. Bxg6 Kxg6 42. Ra2 Raf8 43. Qxd5 Be7 44. Qe4+ Kg7 45. d5 Rf4 46.
Qe5+ Bf6 47. Qc7+ Kg6 48. Rxa3 Rf8 49. e7 Bd4+ 50. cxd4 Rf1+ 51. Kg2 R8f2+ 52. Kg3 Rf4 53. e8=Q+ 1-0

[Event "*** MasterClass Titled Tuesday Blitz"]
[Site "Chess.com"]
[Date "2017.09.05"]
[Round "2"]
[White "blitzcopter"]
[Black "Bad4life"]
[Result "1-0"]
[WhiteElo "2040"]
[BlackElo "2148"]
[TimeControl "180+2"]
[EndTime "13:24:14 PDT"]
[Termination "blitzcopter won by checkmate"]

1. e4 d6 2. d4 Nf6 3. Nc3 g6 4. Bg5 Bg7 5. f4 O-O 6. Nf3 c6 7. Bd3 b5 8. e5 d5 9. exf6 exf6 10. Bh4 Re8+ 11. Kf2 Bg4 12. h3 Bd7 13. Re1 Na6 14. a3 Qc7 15. Bg3 Qb6 16. f5 Nc7 17. Qd2 g5 18.
Rxe8+ Nxe8 19. Re1 Bf8 20. Nd1 c5 21. dxc5 Bxc5+ 22. Kf1 Nd6 23. Ne3 Bc6 24. Ng4 Qd8 25. Bf2 Bxf2 26. Qxf2 Ne4 27. Qd4 Ng3+ 28. Kg1 Nh5 29.
Nd2 Qd6 30. Ne4 Qf4 31. Nexf6+ Nxf6 32. Nxf6+ Kf8 33. Nxh7+ Kg8 34. Nf6+ Kf8 35. Nh7+ Kg8 36. Qxf4 gxf4 37. Nf6+ Kg7 38. Nh5+ Kh6 39. Nxf4 a5 40. g4 Kg5 41. Ng2 b4 42. Kf2 Rb8 43. axb4 Rxb4 44. b3 a4 45. bxa4 Bxa4 46. Kg3 Rb2 47. h4+ Kf6 48.
g5+ Kg7 49. f6+ Kf8 50. Re2 Bd7 51. h5 Rb4 52. Nf4 Ra4 53. g6 Ra1 54. g7+ Kg8 55. h6 Rh1 56. h7+ Rxh7 57. Bxh7+ Kxh7 58. Rh2+ Bh3 59. Rxh3+ Kg8 60. Rh8# 1-0

[Event "*** MasterClass Titled Tuesday Blitz"]
[Site "Chess.com"]
[Date "2017.09.05"]
[Round "2"]
[White "The_Jagermeister"]
[Black "nonscitis"]
[Result "1-0"]
[WhiteElo "2428"]
[BlackElo "2412"]
[TimeControl "180+2"]
[EndTime "13:24:15 PDT"]
[Termination "The_Jagermeister won by resignation"]

1. d4 Nf6 2. Nf3 e6 3. e3 d5 4. Nbd2 b6 5. Bb5+ c6 6. Bd3 Bb7 7.
e4 dxe4 8. Nxe4 Nxe4 9. Bxe4 Nd7 10. Bg5 Be7 11. h4 h6 12. Bxe7 Qxe7 13. Qe2 O-O 14. O-O-O Nf6 15. Ne5 Nxe4 16. Qxe4 c5 17. Qe3 Rfd8 18.
dxc5 Qxc5 19. Qxc5 bxc5 20. f3 f6 21. Nc4 Kf8 22.
Rxd8+ Rxd8 23. Rd1 Rxd1+ 24. Kxd1 Ke7 25. Kd2 g5 26.
hxg5 hxg5 27. Kc3 f5 28. Ne5 Bd5 29. a4 g4 30. fxg4 fxg4 31. g3 Bf3 32. Kd3 Bd1 33.
Kd2 Kd6 34. Nc4+ Kd5 35. Ne3+ Ke4 36. Nxd1 Kf3 37. c3 Kxg3 38. b4 cxb4 39. cxb4 Kf4 40.
b5 Ke5 41. Kc3 g3 42. Ne3 Ke4 43. Kd2 Kd4 44. Ke2 Kc5 45. Nd1 e5 46. Kf3 Kb4 47. Nb2 Kb3 48. a5 e4+ 49. Kxg3 Kxb2 50. Kf4 Kc3 51. Kxe4 Kb4 52. b6 Kxa5 53. bxa7 1-0

[Event "*** MasterClass Titled Tuesday Blitz"]
[Site "Chess.com"]
[Date "2017.09.05"]
[Round "2"]
[White "Drags95"]
[Black "Sanan_Sjugirov"]
[Result "0-1"]
[WhiteElo "2551"]
[BlackElo "2657"]
[TimeControl "180+2"]
[EndTime "13:24:21 PDT"]
[Termination "Sanan_Sjugirov won by resignation"]

1. e4 e5 2. Nf3 Nc6 3. Bb5 a6 4. Ba4 Nf6 5. O-O Be7 6. Re1 b5 7. Bb3 O-O 8. d3 d6 9. c3 Na5 10. Bc2 c5 11. Nbd2 Nc6 12. Nf1 Re8 13. Bg5 h6 14.
Bh4 Be6 15. Ne3 Ng4 16. Bxe7 Nxe7 17. d4 Nxe3 18. Rxe3 cxd4 19. cxd4 Ng6 20. Qd2 Qf6 21. a4 bxa4 22. Bxa4 Rec8 23. d5 Bg4 24. Bc6 Ra7 25. Rc3 Rb8 26. b3 Nf4 27. Qe3 Qe7 28. g3 Nh3+ 29. Kg2 a5 30. Nd2 f5 31. f3 f4 32.
Qe1 Bc8 33. g4 Ng5 34. h4 Nh7 35. Nc4 Nf6 36. Rxa5 Rxa5 37. Nxa5 Nxg4 38. fxg4 Bxg4 39. Nc4 f3+ 40. Kh2 Qf6 41. Qf2 Qf4+ 42. Kg1 Rf8 43.
Ne3 Bc8 44. Nf1 Qxe4 45. Re3 Qg4+ 46. Kh2 e4 47. Qg3 Qf5 48. Kg1 Kh8 49. Kf2 Qf6 50. Kg1 f2+ 51. Kh2 Ba6 52. Kg2 Bxf1+ 53. Kxf1 Qa1+ 0-1

[Event "*** MasterClass Titled Tuesday Blitz"]
[Site "Chess.com"]
[Date "2017.09.05"]
[Round "2"]
[White "ALeks_Ivlev"]
[Black "BIG_Pirate"]
[Result "1/2-1/2"]
[WhiteElo "2418"]
[BlackElo "2333"]
[TimeControl "180+2"]
[EndTime "13:24:30 PDT"]
[Termination "Game drawn - insufficient material"]

1. d4 d5 2. c4 c6 3. Nf3 Nf6 4.
e3 e6 5. Nbd2 c5 6. cxd5 Nxd5 7.
Bb5+ Bd7 8. Bd3 Nc6 9. O-O cxd4 10. exd4 Be7 11. Ne4 O-O 12. Re1 Re8 13. Bd2 Rc8 14.
Rc1 Ncb4 15. Bb1 Rxc1 16. Bxc1 Nc6 17. a3 Bf8 18. b4 Nce7 19. Nd6 Ng6 20. Nxe8 Bxe8 21.
Bd2 Qb6 22. h4 Qa6 23. h5 Ngf4 24. Ne5 Qxa3 25. g3 f6 26. gxf4 fxe5 27. Rxe5 Qh3 28. Be4 Nf6 29. Bg2 Qh4 30. Rxe6 Bxh5 31. Qb3 Bf7 32.
d5 Ng4 33. Qg3 Qxg3 34. fxg3 Bxe6 35. dxe6 b6 36. Bd5 Be7 37. b5 Kf8 38. Kg2 g6 39. Kf3 Nf6 40. Bc6 Bd6 41. g4 h5 42.
g5 Ng8 43. Be4 Ne7 44. Bc3 Nf5 45. Bxf5 gxf5 46. g6 h4 47. Bb2 h3 48. Kg3 Bxf4+ 49.
Kxh3 Bh6 50. Kh4 Ke7 51. Kh5 Bf8 52. g7 Bxg7 53. Bxg7 Kxe6 54. Kg5 Kd5 55. Kxf5 Kc4 56. Ke4 Kxb5 57. Kd3 Ka4 58. Kc2 b5 59. Kb1 Kb3 60. Be5 a5 61. Bf4 a4 62. Be5 b4 63. Bf6 Kc4 64.
Bg7 a3 65. Bh8 b3 66. Bg7 b2 67. Bxb2 axb2 68. Kxb2 1/2-1/2

[Event "*** MasterClass Titled Tuesday Blitz"]
[Site "Chess.com"]
[Date "2017.09.05"]
[Round "2"]
[White "HKBurwell"]
[Black "andreimacovei2000"]
[Result "1-0"]
[WhiteElo "2355"]
[BlackElo "2396"]
[TimeControl "180+2"]
[EndTime "13:24:31 PDT"]
[Termination "HKBurwell won on time"]

1. d4 Nf6 2. c4 e6 3. Nc3 Bb4 4. e3 O-O 5. Ne2 Re8 6. a3 Bf8 7. Ng3 d5 8. cxd5 exd5 9. Be2 b6 10. O-O c5 11. dxc5 bxc5 12. Bf3 Bb7 13. b3 Nbd7 14. Nxd5 Bxd5 15. Bxd5 Nxd5 16. Qxd5 Ne5 17. Qxd8 Raxd8 18. Bb2 Nd3 19. Bc3 Rd7 20. Rfd1 g6 21. Kf1 Bg7 22. Bxg7 Kxg7 23. Ke2 Nf4+ 24. Kf1 Nd3 25. Rd2 Rb8 26. Rb1 c4 27. Ke2 f5 28. b4 Re8 29. Rc2 Ne5 30.
h3 Rde7 31. Nf1 f4 32. exf4 Nc6+ 33. Kd2 Rd7+ 34. Kc3 Nd4 35. Rcb2 Nb5+ 36. Kxc4 Nxa3+ 37. Kb3 Rd3+ 38. Ka4 Nxb1 39. Rxb1 Re2 40. Ng3 Rxf2 41. Ne4 Rxg2 42. Kb5 Rxh3 43. Ra1 Rh5+ 44. Kc6 Rc2+ 45. Kd6 Rf5 46. Rxa7+ Kh6 47. Ng5 Rxf4 48. Nxh7 g5 49. Ke5 Re2+ 50. Kd5 g4 51. b5 1-0

[Event "*** MasterClass Titled Tuesday Blitz"]
[Site "Chess.com"]
[Date "2017.09.05"]
[Round "2"]
[White "MichaelRoiz"]
[Black "JSPrepz"]
[Result "1/2-1/2"]
[WhiteElo "2745"]
[BlackElo "2433"]
[TimeControl "180+2"]
[EndTime "13:24:46 PDT"]
[Termination "Game drawn by agreement"]

1. Nf3 d5 2. e3 Nf6 3. c4 dxc4 4.
Bxc4 e6 5. O-O a6 6. b3 b5 7. Be2 Bb7 8. Bb2 Be7 9. a4 b4 10. d4 c5 11. Nbd2 Nbd7 12. Rc1 O-O 13. Nc4 Rc8 14. Nfe5 Qc7 15. Nxd7 Nxd7 16. dxc5 Bxc5 17. Bf3 Rfd8 18. Bxb7 Qxb7 19. Qg4 g6 20. Qf4 Qb8 21. Ne5 f6 22. Nxd7 Qxf4 23. Nxf6+ Qxf6 24. Bxf6 Rf8 25. Bb2 Rfd8 26. Rc2 Be7 27. Rxc8 Rxc8 28. Rc1 Rd8 29. Bd4 e5 30. Bxe5 Rd3 31. Rb1 Kf7 32. Kf1 Rd2 33. Ke1 Rc2 34. Rd1 Ke6 35. Bd4 Kf5 36. Rd2 Rc1+ 37.
Ke2 Rg1 38. Kf3 Rb1 39. Rd3 h5 40. h3 h4 41. e4+ Ke6 42. Be3 Bf6 43. Bd2 Bc3 44.
Bxc3 Rxb3 45. Ke2 bxc3 46. Kd1 Ra3 47. f3 Ra1+ 48. Kc2 Rxa4 49. Kxc3 Ra3+ 50. Kd4 Ra2 51. Rb3 Rxg2 52. Rb6+ Kf7 53. Rxa6 Rg3 54. f4 Rxh3 55. Ke5 Kg7 56. Ra7+ Kh6 57. Ra8 Kg7 58. Ra7+ Kh6 59.
f5 gxf5 60. exf5 Rb3 61. Ra8 Rb5+ 1/2-1/2

[Event "*** MasterClass Titled Tuesday Blitz"]
[Site "Chess.com"]
[Date "2017.09.05"]
[Round "2"]
[White "Yaacovn"]
[Black "yosephtaher"]
[Result "1-0"]
[WhiteElo "2632"]
[BlackElo "2550"]
[TimeControl "180+2"]
[EndTime "13:24:50 PDT"]
[Termination "Yaacovn won by resignation"]

1. d4 Nf6 2. Nf3 e6 3. c4 b6 4. g3 Ba6 5. Qc2 Bb4+ 6. Bd2 Be7 7. Bg2 O-O 8. O-O c6 9. Bg5 d5 10. cxd5 cxd5 11. Nc3 Nbd7 12. Rac1 Bb7 13. Qa4 a6 14. Bxf6 Bxf6 15. Qb3 Be7 16. a4 Rc8 17. e3 Nb8 18. Ne5 Nc6 19. Nxc6 Bxc6 20. Rc2 a5 21. Rfc1 Bd7 22.
Bf1 Bb4 23. Na2 Rxc2 24. Rxc2 Bd6 25. Bb5 Bc8 26. Nc3 h5 27. Bd3 h4 28. Ne2 hxg3 29. hxg3 g6 30. Rc6 Bb4 31. Rc1 Kg7 32. Kg2 Rh8 33.
Qc2 Bd7 34. b3 Bd6 35. Rh1 Rxh1 36. Kxh1 e5 37. dxe5 Bxe5 38. Kg2 Qh8 39. Nf4 Bxf4 40. Qc3+ f6 41. exf4 Qh3+ 42. Kg1 Qe6 43. Qc7 Qc6 44. Qxc6 Bxc6 45. Kf1 Kf7 46. Ke2 Be8 47. Ke3 Ke6 48. Kd4 Kd6 49. g4 Bf7 50. g5 f5 51. Be2 Be6 52. Bf1 Bf7 53. Bb5 Be6 54. Be8 Bc8 55.
Bxg6 Be6 56. Bh7 Ke7 57. Ke5 1-0

[Event "*** MasterClass Titled Tuesday Blitz"]
[Site "Chess.com"]
[Date "2017.09.05"]
[Round "2"]
[White "ChessQueen"]
[Black "josiwales"]
[Result "1-0"]
[WhiteElo "2597"]
[BlackElo "2303"]
[TimeControl "180+2"]
[EndTime "13:24:54 PDT"]
[Termination "ChessQueen won by checkmate"]

1. e4 c5 2. Nf3 Nc6 3. Bb5 Na5 4. b3 a6 5. Be2 b5 6. Bb2 Bb7 7. d3 c4 8. O-O e6 9. Nbd2 Rc8 10. dxc4 bxc4 11. Nxc4 Nxc4 12. Bxc4 Bxe4 13. Re1 Bb7 14. Qd3 Nf6 15. Rac1 Bc5 16. Nd4 O-O 17. Bxa6 Bxa6 18. Qxa6 Ra8 19. Qb5 Qc7 20. Qc4 Rxa2 21. Nb5 Bxf2+ 22.
Kxf2 Qxc4 23. bxc4 Rxb2 24. Nd6 Rb6 25. c5 Rc6 26.
Nb7 h6 27. Rb1 Rb8 28. Rb5 Nd5 29. c4 Nc7 30. Rc1 Nxb5 31. cxb5 Rxb7 32. bxc6 dxc6 33. Ke3 Rb4 34. Kd3 Rb2 35. Ra1 Rxg2 36. Ra8+ Kh7 37. Rc8 Rxh2 38. Rxc6 Kg6 39. Ra6 Rh1 40. Kc4 Rc1+ 41.
Kb5 h5 42. Ra4 Rb1+ 43. Ka6 Kg5 44. Rc4 Rb8 45. c6 Rc8 46. Kb7 Rh8 47. c7 f5 48.
Rd4 g6 49. Kb6 Rc8 50. Rd8 Rxc7 51. Kxc7 h4 52. Kd6 Kf4 53. Rh8 g5 54. Kxe6 Kg4 55. Ke5 h3 56. Rh7 f4 57. Ke4 Kg3 58. Ra7 g4 59. Ra3+ f3 60. Ke3 h2 61. Ra1 Kh3 62.
Kf2 g3+ 63. Kxf3 g2 64. Ra8 g1=Q 65. Rh8# 1-0

[Event "*** MasterClass Titled Tuesday Blitz"]
[Site "Chess.com"]
[Date "2017.09.05"]
[Round "2"]
[White "K_A_S_T_O_R"]
[Black "penguingm1"]
[Result "1-0"]
[WhiteElo "2598"]
[BlackElo "2567"]
[TimeControl "180+2"]
[EndTime "13:24:57 PDT"]
[Termination "K_A_S_T_O_R won on time"]

1. e4 e5 2. Nf3 Nc6 3. Bc4 Bc5 4. c3 Nf6 5. d3 a6 6. Bb3 Ba7 7. h3 d6 8. Nbd2 O-O 9. O-O h6 10. Re1 Re8 11. Nf1 Be6 12. Ng3 Bxb3 13. Qxb3 Qd7 14. Be3 Bxe3 15. Rxe3 d5 16. Rd1 b5 17. Ree1 Rad8 18. a3 d4 19. c4 Rb8 20. Rc1 Na5 21. Qb4 Nb7 22. cxb5 axb5 23. Qd2 c5 24. b4 Rbc8 25.
bxc5 Nxc5 26. Rb1 Na4 27. Rec1 Nc3 28. Ra1 Qd6 29. Nf5 Qe6 30. Ng3 Nd7 31. Rc2 Nc5 32. Rf1 Nb3 33. Qe1 g6 34. Rb2 Na4 35. Re2 Rc3 36. Qb1 Rec8 37. Ree1 Nac5 38. Rd1 Re8 39. Ne2 Na4 40. Nxc3 Nxc3 41. Qc2 Nxd1 42. Rxd1 Rc8 43.
Qb2 Rc3 44. Ne1 Qc6 45. Rb1 Qc5 46. Kh2 Kg7 47. g3 h5 48. h4 Qc6 49. Kg1 Kh7 50.
Qe2 Qc5 51. Qb2 Kg7 52. Kg2 Qc6 53. Kg1 Qa6 54. Rd1 Nc5 55. Rb1 Rb3 56. Qc2 Rxb1 57. Qxb1 Qa4 58. Kf1 Kf6 59. Qb4 Qxb4 60. axb4 Na4 61.
Nc2 Nc3 62. Ke1 Na4 63. Na3 Nc3 64. Kd2 Ke6 65. Nc2 f5 66. f3 fxe4 67. dxe4 Na2 68.
Kd3 Kf6 69. Na3 Nxb4+ 70. Kd2 g5 71. Nxb5 g4 72. fxg4 hxg4 73. Nc7 Na6 74. Nxa6 Kg6 75. Nc5 1-0

[Event "*** MasterClass Titled Tuesday Blitz"]
[Site "Chess.com"]
[Date "2017.09.05"]
[Round "2"]
[White "H16"]
[Black "Fandorine"]
[Result "0-1"]
[WhiteElo "2309"]
[BlackElo "2669"]
[TimeControl "180+2"]
[EndTime "13:25:06 PDT"]
[Termination "Fandorine won by resignation"]

1. d4 Nf6 2. c4 e6 3. Nf3 c5 4. d5 exd5 5. cxd5 g6 6. Nc3 Bg7 7. d6 O-O 8. g3 b5 9. Bg2 b4 10.
Nd5 Bb7 11. Nc7 Nc6 12. Nxa8 Qxa8 13. O-O Nd4 14. Be3 Ne6 15. Rc1 Ne4 16. Rc2 Qb8 17. Qc1 a5 18. Rd1 a4 19. Nd2 Nxd2 20. Rdxd2 b3 21. axb3 axb3 22. Rc4 Ba6 23. Re4 c4 24. Rxc4 Bxc4 25. Qxc4 Rc8 26. Qd3 Rc1+ 27. Rd1 Rxd1+ 28. Qxd1 Bxb2 29. Bd5 Qxd6 30. Qxb3 Bg7 31. h4 h5 32. Kg2 Be5 33. Qc4 Kg7 34. Qe4 Bf6 35. Ba8 Qd1 36.
Qf3 Qa1 37. Bd5 Qe5 38. Bd2 Nd4 39. Qe4 Qxe4+ 40. Bxe4 Nxe2 41. Kf3 Nd4+ 42. Ke3 Ne6 43. Bb4 Bd4+ 44. Kf3 Kf6 45. Bd6 Bc5 46. Bb8 d6 47. Bd5 Ke5 48. Ba2 Kf6 49. Bd5 Ke7 50. Kg2 Nd4 51. Bb7 Kd7 52. f4 Nc6 53. Bxc6+ Kxc6 54.
g4 f5 55. gxh5 gxh5 0-1

[Event "*** MasterClass Titled Tuesday Blitz"]
[Site "Chess.com"]
[Date "2017.09.05"]
[Round "2"]
[White "Adham_Fawzy"]
[Black "mwpchess"]
[Result "1-0"]
[WhiteElo "2381"]
[BlackElo "2472"]
[TimeControl "180+2"]
[EndTime "13:25:23 PDT"]
[Termination "Adham_Fawzy won by checkmate"]

1. e4 c6 2. d4 d5 3. Nc3 dxe4 4. Nxe4 Bf5 5. Ng3 Bg6 6. N1e2 Nf6 7. Nf4 Nbd7 8. c3 e5 9. dxe5 Nxe5 10. Be3 Be7 11. Nxg6 hxg6 12. Be2 Qc8 13. h3 O-O 14. O-O Rd8 15. Qb3 Nd5 16. Bd4 Bf6 17. Rfe1 Nd7 18. Rad1 Bxd4 19. Rxd4 N7f6 20. Red1 Qc7 21. Bf3 Nb6 22. Qa3 a6 23. Qb4 Nbd5 24. Qb3 Nb6 25. Ne4 Rxd4 26. Nxf6+ gxf6 27. Rxd4 Rd8 28. Rb4 Re8 29.
g3 Nd5 30. Bxd5 cxd5 31. Qxd5 b5 32. Rd4 Kg7 33. h4 Qe7 34. Kg2 Qe2 35. Rd2 Qe1 36.
Rd1 Qe2 37. Qd2 Qe4+ 38. Kg1 Re5 39. b3 Qf3 40. Re1 Rd5 41. Qe3 Qf5 42. c4 bxc4 43.
bxc4 Rc5 44. Qd4 Rc6 45. Qd5 Qc8 46. Rc1 Rc5 47. Qd4 Qc6 48. Rc3 Rf5 49. Re3 Qb7 50.
Re4 Qb1+ 51. Kg2 Qc2 52. Rf4 Rxf4 53. Qxf4 Qxa2 54. h5 gxh5 55. Qe4 a5 56. c5 Qa3 57. Qc4 Qb2 58. c6 Qb8 59. c7 Qc8 60. Qc5 a4 61. Qb6 a3 62. Qb8 Qf5 63. c8=Q Qe4+ 64. Kh2 Kh6 65. Qg8 a2 66. Qbf8# 1-0

[Event "*** MasterClass Titled Tuesday Blitz"]
[Site "Chess.com"]
[Date "2017.09.05"]
[Round "2"]
[White "Grebeniuk-S"]
[Black "belisarius64"]
[Result "0-1"]
[WhiteElo "2387"]
[BlackElo "2307"]
[TimeControl "180+2"]
[EndTime "13:25:29 PDT"]
[Termination "belisarius64 won by resignation"]

1. d4 Nf6 2. Nf3 e6 3. e3 b6 4. Bd3 Bb7 5. Nbd2 d6 6. O-O Nbd7 7. b3 g6 8. Bb2 Bg7 9. Qe2 O-O 10. Rfd1 Re8 11. c4 e5 12. dxe5 dxe5 13. e4 Qe7 14.
Nf1 Nh5 15. g3 Nc5 16. Bc2 Rad8 17. Ba3 a5 18. Ne3 Rxd1+ 19. Rxd1 Rd8 20. Nd5 Bxd5 21. exd5 f5 22. Nd4 Qd6 23. Ne6 Re8 24. Bxf5 Nxg3 25. hxg3 gxf5 26. Qh5 Re7 27. Qxf5 Qd7 28. Bxc5 bxc5 29.
Qe4 Rxe6 30. dxe6 Qxd1+ 31. Kg2 Qd6 32. Qa8+ Bf8 33. Qe8 Qe7 34. Qc8 Kg7 35. Qa6 Kf6 36. Qxa5 Qxe6 37. Qxc7 Be7 38. a4 Qd6 39. Qc8 Kg7 40.
a5 Qd3 41. a6 Qe4+ 42. Kh2 Qc2 43. Qg4+ Kh8 44. Qf3 Qa2 45. Qf7 Bd6 46. Qf6+ Kg8 47.
Qe6+ Kg7 48. Qd7+ Kg8 49. Qd8+ Kf7 50. Qd7+ Be7 51. Qf5+ Ke8 52. Qc8+ Kf7 53. Qf5+ Bf6 54. Qd7+ Kg6 55. Qg4+ Kh6 56. Qh3+ Kg6 57. Qg4+ Bg5 58. Qe6+ Kg7 59. Kg2 Qxb3 60. a7 Qb7+ 61. f3 Qxa7 62. Qxe5+ Bf6 63. Qd5 Qe7 64. g4 Qe2+ 65. Kg3 Qe5+ 66.
f4 Qxd5 67. cxd5 c4 68. Kf3 Bd4 69. Ke4 c3 70. Kd3 Kf6 71. g5+ Kf5 72. d6 Ke6 73.
d7 Kxd7 74. f5 Ke7 75. Kc2 Kd6 76. Kd3 Ke5 77. g6 hxg6 78. fxg6 Kf6 0-1

[Event "*** MasterClass Titled Tuesday Blitz"]
[Site "Chess.com"]
[Date "2017.09.05"]
[Round "2"]
[White "Bryakin_Mikhail"]
[Black "BartoszSocko"]
[Result "1/2-1/2"]
[WhiteElo "2543"]
[BlackElo "2655"]
[TimeControl "180+2"]
[EndTime "13:25:32 PDT"]
[Termination "Game drawn - insufficient material"]

1. d4 Nf6 2. c4 e6 3. Nf3 d5 4.
g3 Bb4+ 5. Bd2 Be7 6. Qc2 c6 7.
Bg2 Nbd7 8. O-O b6 9. Rd1 Bb7 10. Bf4 Rc8 11. Nc3 dxc4 12. Nd2 Nd5 13. Nxc4 Nxf4 14. gxf4 O-O 15. e3 Qc7 16. a3 Rfd8 17. b4 Nf6 18. Rac1 Qb8 19. Ne5 c5 20. Bxb7 Qxb7 21.
dxc5 bxc5 22. b5 Rxd1+ 23. Rxd1 a6 24. a4 axb5 25. axb5 Nd5 26. Nxd5 exd5 27. Nc6 Bf8 28. Rxd5 Qxb5 29. Ne5 Ra8 30. Qc4 Qxc4 31. Nxc4 f6 32.
f5 g6 33. fxg6 hxg6 34. Rd7 Ra4 35. Nd6 Ra1+ 36. Kg2 Ra6 37. Nc4 Ra4 38. Nd6 Ra6 39. Nc4 Re6 40. Kf3 f5 41. Rc7 Re4 42. Nb6 Bd6 43.
Rc6 Bxh2 44. Rxg6+ Kf7 45. Rc6 Rb4 46. Nd5 Rb2 47.
Rf6+ Kg7 48. Rxf5 c4 49. Rh5 Bd6 50. Rh1 Kf7 51. Rc1 Ke6 52. Nf4+ Bxf4 53. Kxf4 Kd5 54. f3 Re2 55. Rd1+ Kc5 56. Rd8 c3 57. Rc8+ Kb4 58.
e4 Rd2 59. Ke5 Kb3 60. f4 c2 61. f5 Rd8 62. Rxc2 Kxc2 63. Ke6 Kd3 64. Ke7 Ra8 65. f6 Kxe4 66. f7 Ra7+ 67. Ke6 Rxf7 68. Kxf7 1/2-1/2

[Event "*** MasterClass Titled Tuesday Blitz"]
[Site "Chess.com"]
[Date "2017.09.05"]
[Round "2"]
[White "2L8IWUN"]
[Black "WeiYi1999"]
[Result "0-1"]
[WhiteElo "1770"]
[BlackElo "2121"]
[TimeControl "180+2"]
[EndTime "13:25:45 PDT"]
[Termination "WeiYi1999 won by checkmate"]

1. d4 d5 2. Bf4 c6 3. e3 Nf6 4. c4 e6 5. Nc3 Be7 6. h3 Nbd7 7.
Nf3 O-O 8. Be2 dxc4 9. Bxc4 b5 10. Be2 a6 11. Rc1 c5 12. dxc5 Nxc5 13. O-O Bb7 14.
Qxd8 Rfxd8 15. Rfd1 h6 16. Bc7 Rxd1+ 17. Rxd1 Rc8 18.
Bd6 Bxd6 19. Rxd6 Nce4 20. Nxe4 Nxe4 21. Rd7 Bd5 22. Ne5 Rc1+ 23. Kh2 Nxf2 24. Rxf7 Rh1+ 25. Kg3 Ne4+ 26. Kh4 Ng5 27. Ra7 Bxg2 28. Bg4 Bxh3 29. Bxh3 Rxh3+ 30. Kg4 Rxe3 31. Ng6 Re2 32. Rxa6 Rxb2 33.
Nf4 Rb4 34. Kg3 e5 35. Nd5 Rd4 36. Ne7+ Kf7 37. Nc6 Rd3+ 38. Kg2 Rd5 39. Ra7+ Kf6 40. Ne7 Rd2+ 41. Kg3 e4 42. Ng8+ Kf5 43. Ne7+ Ke6 44. Nc6 Rd3+ 45. Kg2 e3 46. Rxg7 Rd2+ 47. Kf1 Nf3 48.
Re7+ Kf6 49. Rxe3 Ng5 50. a3 h5 51. Nb4 h4 52. Ke1 Rb2 53. Nd5+ Kf5 54. Kf1 h3 55. Kg1 Kg4 56. Nf6+ Kh4 57. Nd5 Rd2 58. Nf6 Rg2+ 59. Kh1 Rg3 60. Rxg3 Kxg3 61. Nh5+ Kh4 62. Nf4 Ne4 63. Ne2 Ng3+ 64. Nxg3 Kxg3 65. Kg1 h2+ 66. Kh1 Kh3 67. a4 b4 68. a5 b3 69. a6 b2 70. a7 b1=Q# 0-1